[Event "Titled Tuesday Blitz January 17 Late 2023"]
[White "Cueto, Jonny"]
[Black "Bongo Akanga Ndjila, Barthelemy"]
[WhiteFideId "3300145"]
[BlackFideId "10609431"]
[WhiteElo "2122"]
[BlackElo "1824"]
[Result "1-0"]
[Round "06"]
[TimeControl "180+2"]
[Date "2023.01.17"]
[WhiteClock "0:00:42"]
[BlackClock "0:00:14"]

1. d4 d5 2. Bf4 Nf6 3. e3 e6 4. Nf3 Bd6 5. Ne5 c5 6. Bb5+ Kf8 7. Nd2 a6 8. Be2 cxd4 9. exd4 Nc6 10. c3 Qe7 11. O-O Qc7 12. Ndf3 Ne4 13. Nxc6 Bxf4 14. Nce5 f6 15. Nd3 Bd6 16. Nd2 Bd7 17. g3 Kf7 18. Bf3 Bb5 19. Nxe4 dxe4 20. Bxe4 h5 21. Re1 1-0


[Site "https://www.chess.com"]

[Event "Titled Tuesday Blitz January 17 Late 2023"]
[White "Rasulov, Vugar"]
[Black "Nakamura, Hikaru"]
[WhiteFideId "13402390"]
[BlackFideId "2016192"]
[WhiteElo "2523"]
[BlackElo "2775"]
[Result "1/2-1/2"]
[Round "07"]
[TimeControl "180+2"]
[Date "2023.01.17"]
[WhiteClock "0:00:13"]
[BlackClock "0:00:15"]

1. e4 e5 2. Nf3 Nc6 3. Nc3 f5 4. d4 fxe4 5. Nxe5 Nf6 6. Bc4 Qe7 7. Bf7+ Kd8 8. Nxc6+ dxc6 9. Bc4 Bg4 10. Be2 Qe6 11. Bg5 Bxe2 12. Qxe2 Bb4 13. O-O Bxc3 14. bxc3 Kd7 15. c4 Rae8 16. Bxf6 Qxf6 17. d5 Kc8 18. Rab1 b6 19. a4 c5 20. a5 Rhf8 21. axb6 axb6 22. Qe3 Qd4 23. Qh3+ Kb8 24. Qd7 e3 25. fxe3 Qxe3+ 26. Kh1 Rxf1+ 27. Rxf1 Qe2 28. Rg1 Qe5 29. h3 Rf8 30. Qa4 Qe2 31. d6 Rf1 32. dxc7+ Kxc7 33. Qa7+ Kc6 34. Qa8+ Kc7 35. Qa7+ Kc6 36. Qa8+ Kc7 37. Qa7+ 1/2-1/2


[Site "https://www.chess.com"]

[Event "Titled Tuesday Blitz January 17 Late 2023"]
[White "Tang, Andrew"]
[Black "Abdrlauf, Elham"]
[WhiteFideId "2059630"]
[BlackFideId "1533533"]
[WhiteElo "2523"]
[BlackElo "2518"]
[Result "1/2-1/2"]
[Round "07"]
[TimeControl "180+2"]
[Date "2023.01.17"]
[WhiteClock "0:00:07"]
[BlackClock "0:00:17"]

1. d4 Nf6 2. Nf3 d5 3. Bf4 c5 4. e3 Nc6 5. Nbd2 Qb6 6. dxc5 Qxb2 7. Rb1 Qc3 8. Bb5 g6 9. e4 Bg7 10. Be5 Qxc5 11. Bd4 Qa3 12. exd5 a6 13. Nc4 Qxa2 14. Nb6 axb5 15. Ra1 Nxd4 16. Rxa2 Nxf3+ 17. gxf3 Rxa2 18. Qb1 Ra6 19. Qxb5+ Kd8 20. O-O Ne8 21. Re1 Bf6 22. c4 Nd6 23. Qb4 Nf5 24. c5 Nd4 25. Kg2 Nc2 26. Qe4 Bf5 27. Qf4 Nxe1+ 28. Kf1 Rxb6 29. cxb6 e6 30. Qc7+ Ke8 31. d6 Kf8 32. Kxe1 Kg7 33. Qxb7 e5 34. Qc7 Bc8 35. d7 Ba6 36. Qa7 Bc4 37. b7 Be6 38. b8=Q Rxb8 39. Qxb8 Bxd7 40. Qd6 Be6 41. Ke2 h5 42. Ke3 Bg5+ 43. Ke2 Bf6 44. Kf1 Bh3+ 45. Ke1 Be6 46. Qc5 h4 47. Qb4 Bf5 48. f4 exf4 49. Qxf4 Be6 50. f3 Bf5 51. Qd6 Be6 52. Kf2 Bf5 53. Ke3 Be6 54. Qc5 Bf5 55. Qb4 h3 56. Kf2 Be6 57. Kg3 Bf5 58. f4 Be6 59. Qc5 Bf5 60. Qc6 Be6 61. Qf3 Bf5 62. Qe2 Be6 63. Qf3 Bf5 64. Qd1 Be6 65. Qe1 Bf5 66. Qe2 Be6 67. Qf1 Bf5 68. Qd1 Be6 69. Qf3 1/2-1/2


[Site "https://www.chess.com"]

[Event "Titled Tuesday Blitz January 17 Late 2023"]
[White "Sadhwani, Raunak"]
[Black "Esipenko, Andrey"]
[WhiteFideId "35093487"]
[BlackFideId "24175439"]
[WhiteElo "2627"]
[BlackElo "2679"]
[Result "1-0"]
[Round "07"]
[TimeControl "180+2"]
[Date "2023.01.17"]
[WhiteClock "0:00:03"]
[BlackClock "0:00:01"]

1. e4 e5 2. Nf3 Nc6 3. Bc4 Nf6 4. d3 Be7 5. O-O O-O 6. Re1 d6 7. a4 a5 8. c3 h6 9. Nbd2 Be6 10. Bxe6 fxe6 11. Qb3 Qd7 12. Nf1 b6 13. Bd2 d5 14. Ng3 Bd6 15. Qb5 Rae8 16. d4 Nxe4 17. Nxe4 dxe4 18. Rxe4 exd4 19. Nxd4 Qf7 20. Nf3 Ne7 21. Rae1 Nd5 22. Qe2 e5 23. Qc4 Nf6 24. Qxf7+ Rxf7 25. R4e2 Rfe7 26. h3 Kf7 27. Be3 Nd7 28. Nd2 Bc5 29. Ne4 Bxe3 30. Rxe3 Nf6 31. Nd2 Nd7 32. b4 axb4 33. cxb4 Ra8 34. Ra1 Nf6 35. a5 Nd5 36. Rb3 Ke6 37. a6 c6 38. b5 cxb5 39. Rxb5 Rea7 40. Nc4 Rxa6 41. Rd1 Nf6 42. Rxe5+ Kf7 43. Kh2 Kf8 44. Rb1 Rc8 45. Nxb6 Rb8 46. Reb5 Kf7 47. f3 Kg6 48. h4 h5 49. Kg3 Ra2 50. Nc4 Rxb5 51. Rxb5 Nd7 52. Rg5+ Kh6 53. Rd5 Nf6 54. Rb5 Rc2 55. Ne5 Re2 56. Nf7+ Kg6 57. Ng5 Rc2 58. Nh3 Ra2 59. Nf4+ Kh6 60. Rb8 Kh7 61. Rb6 Rd2 62. Rb5 Kh6 63. Kh3 Rd4 64. Ne6 Rd1 65. Rb8 Rd6 66. Rh8+ Kg6 67. Nf4+ Kf7 68. Nxh5 Ng8 69. Rh7 Rg6 70. g4 Kf8 71. Kg3 Kf7 72. Nf4 Rb6 73. Nh5 Rg6 74. f4 1-0


[Site "https://www.chess.com"]

[Event "Titled Tuesday Blitz January 17 Late 2023"]
[White "Hansen, Eric"]
[Black "Andreikin, Dmitry"]
[WhiteFideId "2606771"]
[BlackFideId "4158814"]
[WhiteElo "2609"]
[BlackElo "2729"]
[Result "0-1"]
[Round "07"]
[TimeControl "180+2"]
[Date "2023.01.17"]
[WhiteClock "0:00:09"]
[BlackClock "0:00:20"]

1. b3 d5 2. Bb2 Nf6 3. e3 Bf5 4. Nf3 h6 5. Bd3 Bxd3 6. cxd3 e6 7. O-O Nbd7 8. d4 Be7 9. d3 O-O 10. Qe2 a5 11. Nc3 c6 12. Ne5 Qb6 13. Rac1 Nxe5 14. dxe5 Nd7 15. d4 Qa6 16. Qg4 Nb6 17. a4 Bb4 18. Rfd1 Nc8 19. Ne2 Ne7 20. Ng3 b5 21. Nh5 Ng6 22. h4 bxa4 23. bxa4 Rab8 24. Rc2 c5 25. Nxg7 Kxg7 26. h5 c4 27. e4 Qc6 28. Ra1 c3 29. Bxc3 Bxc3 30. Rac1 Rb3 31. exd5 exd5 32. Qg3 Qxa4 33. Rxc3 Rxc3 34. Rxc3 Qd1+ 35. Kh2 Qxh5+ 36. Kg1 Qd1+ 37. Kh2 Qxd4 38. Rc6 Qh4+ 39. Qxh4 Nxh4 0-1


[Site "https://www.chess.com"]

[Event "Titled Tuesday Blitz January 17 Late 2023"]
[White "Duda, Jan-Krzysztof"]
[Black "Jones, Gawain C B"]
[WhiteFideId "1170546"]
[BlackFideId "409561"]
[WhiteElo "2724"]
[BlackElo "2618"]
[Result "1-0"]
[Round "07"]
[TimeControl "180+2"]
[Date "2023.01.17"]
[WhiteClock "0:00:59"]
[BlackClock "0:00:01"]

1. d4 Nf6 2. Nf3 g6 3. c4 Bg7 4. Nc3 O-O 5. e4 d6 6. Be2 e5 7. O-O Nbd7 8. Be3 Qe7 9. Qc2 c6 10. d5 c5 11. Nd2 Kh8 12. a3 Ng8 13. f3 f5 14. b4 b6 15. Rab1 Ndf6 16. Kh1 h5 17. a4 a5 18. bxa5 bxa5 19. Rb6 Nd7 20. Rc6 Nb8 21. Rxc8 Rxc8 22. exf5 gxf5 23. Qxf5 Qe8 24. Bd3 Nf6 25. Nde4 Nbd7 26. Nxd6 Qf8 27. Nxc8 Rxc8 28. Ne4 Nxe4 29. Qxh5+ Kg8 30. Bxe4 Nf6 31. Qf5 Rb8 32. Qe6+ Kh8 33. Qh3+ Kg8 34. Bf5 Qe7 35. Be6+ Kf8 36. Qf5 Rb4 37. Bg5 Rxa4 38. h4 Qd8 39. d6 Rb4 40. Rd1 a4 41. Qg6 Rb7 42. d7 Rxd7 1-0


[Site "https://www.chess.com"]

[Event "Titled Tuesday Blitz January 17 Late 2023"]
[White "Bluebaum, Matthias"]
[Black "Zhigalko, Sergei"]
[WhiteFideId "24651516"]
[BlackFideId "13502956"]
[WhiteElo "2669"]
[BlackElo "2572"]
[Result "0-1"]
[Round "07"]
[TimeControl "180+2"]
[Date "2023.01.17"]
[WhiteClock "0:00:03"]
[BlackClock "0:00:02"]

1. d4 Nf6 2. c4 e6 3. Nc3 Bb4 4. e3 O-O 5. Bd2 d6 6. Bd3 e5 7. Nge2 Re8 8. O-O c6 9. a3 Ba5 10. b4 Bc7 11. Ng3 d5 12. cxd5 cxd5 13. Nb5 e4 14. Nxc7 Qxc7 15. Be2 Be6 16. Rc1 Qd8 17. b5 Nbd7 18. Bb4 Nb6 19. f3 exf3 20. Bxf3 Nc4 21. Qd3 Rc8 22. e4 dxe4 23. Nxe4 Bf5 24. Rxc4 Nxe4 25. Rxc8 Qxc8 26. Qb3 Nf6 27. h3 Be4 28. Bxe4 Rxe4 29. d5 h6 30. d6 Qd7 31. Rc1 Qxb5 32. Qf3 Re5 33. Rc7 a5 34. Rxb7 Qd5 35. Bc3 Qc5+ 36. Kh2 Re3 37. d7 Nxd7 38. Qg4 Qxc3 39. Rxd7 Qe5+ 40. g3 Re2+ 41. Kg1 Qe3+ 42. Kh1 Qc1+ 43. Rd1 Qxd1# 0-1


[Site "https://www.chess.com"]

[Event "Titled Tuesday Blitz January 17 Late 2023"]
[White "Chigaev, Maksim"]
[Black "Galperin, Platon"]
[WhiteFideId "4108116"]
[BlackFideId "14165414"]
[WhiteElo "2628"]
[BlackElo "2528"]
[Result "1-0"]
[Round "07"]
[TimeControl "180+2"]
[Date "2023.01.17"]
[WhiteClock "0:02:26"]
[BlackClock "0:01:55"]

1. e4 c5 2. Nf3 d6 3. d4 Nf6 4. dxc5 Nxe4 5. cxd6 Nc6 6. dxe7 Qxd1+ 7. Kxd1 Bxe7 8. Be3 Bf6 9. Kc1 Bf5 10. a3 Rc8 11. Bd3 Na5 12. Nbd2 Nb3+ 13. Nxb3 1-0


[Site "https://www.chess.com"]

[Event "Titled Tuesday Blitz January 17 Late 2023"]
[White "Baskakov, Egor"]
[Black "Jobava, Baadur"]
[WhiteFideId "24197866"]
[BlackFideId "13601520"]
[WhiteElo "2215"]
[BlackElo "2578"]
[Result "0-1"]
[Round "07"]
[TimeControl "180+2"]
[Date "2023.01.17"]
[WhiteClock "0:01:11"]
[BlackClock "0:00:57"]

1. e4 c6 2. d4 d5 3. e5 Bf5 4. Ne2 e6 5. Ng3 Ne7 6. c3 c5 7. Nxf5 Nxf5 8. Bd3 g6 9. O-O Nc6 10. Bxf5 gxf5 11. Bf4 Qb6 12. Nd2 cxd4 13. c4 Rd8 14. b3 Bg7 15. cxd5 Rxd5 16. Nc4 Qc7 17. Rc1 O-O 18. Re1 Qd7 19. Qh5 b5 20. Nd2 Nxe5 21. Bxe5 Rxe5 22. Red1 Rd5 23. Nf3 h6 24. Qh4 Rc8 25. Qg3 Kh7 26. h4 d3 27. Qf4 Rxc1 28. Qxc1 e5 29. Nd2 e4 30. Nf1 Qd6 31. Qc8 f4 32. Qe8 Qe6 33. Qb8 e3 0-1


[Site "https://www.chess.com"]

[Event "Titled Tuesday Blitz January 17 Late 2023"]
[White "Bernadskiy, Vitaliy"]
[Black "Sanal, Vahap"]
[WhiteFideId "14100371"]
[BlackFideId "6300545"]
[WhiteElo "2592"]
[BlackElo "2600"]
[Result "1-0"]
[Round "07"]
[TimeControl "180+2"]
[Date "2023.01.17"]
[WhiteClock "0:01:39"]
[BlackClock "0:00:11"]

1. e4 e5 2. Nf3 Nc6 3. Bb5 a6 4. Ba4 Nf6 5. O-O Nxe4 6. d4 b5 7. Bb3 d5 8. dxe5 Be6 9. c3 Be7 10. Nbd2 O-O 11. Bc2 f5 12. exf6 Nxf6 13. Re1 Qd7 14. Nf1 Rae8 15. Ng3 Bg4 16. Qd3 Bc5 17. Bg5 h6 18. Rxe8 Rxe8 19. Bxf6 gxf6 20. Qg6+ Kf8 21. Qxf6+ Kg8 22. Qg6+ Kf8 23. Qxh6+ Kg8 24. Qg6+ Kf8 25. Ng5 Re5 26. Nh7+ Ke7 27. Qf6+ Ke8 28. Bg6+ 1-0


[Site "https://www.chess.com"]

[Event "Titled Tuesday Blitz January 17 Late 2023"]
[White "Zakhartsov, Vladimir"]
[Black "Urazayev, Arystanbek"]
[WhiteFideId "4145097"]
[BlackFideId "13709810"]
[WhiteElo "2552"]
[BlackElo "2460"]
[Result "0-1"]
[Round "07"]
[TimeControl "180+2"]
[Date "2023.01.17"]
[WhiteClock "0:00:01"]
[BlackClock "0:00:32"]

1. e4 c5 2. Nf3 e6 3. g3 d5 4. exd5 exd5 5. d4 cxd4 6. Nxd4 Nc6 7. Bg2 Bc5 8. Be3 Qb6 9. Nb3 Bxe3 10. Qe2 Nf6 11. Qxe3+ Qxe3+ 12. fxe3 O-O 13. Nc3 Re8 14. O-O Nb4 15. Nd4 Rxe3 16. Rae1 Rxe1 17. Rxe1 Bd7 18. Rd1 Rd8 19. a3 Nc6 20. h3 Kf8 21. g4 h6 22. Nb3 Be6 23. Ne2 Ne5 24. Nbd4 Nc4 25. b3 Ne3 26. Rd3 Nxg2 27. Kxg2 Bd7 28. Nf4 g5 29. Nfe2 h5 30. gxh5 Nxh5 31. Nf3 f6 32. Rc3 Rc8 33. Nfd4 Nf4+ 34. Kg3 Rxc3+ 35. Nxc3 Bxh3 36. Nxd5 Nxd5 37. Kxh3 Ke7 38. c4 Ne3 39. c5 f5 40. c6 bxc6 41. Nxc6+ Ke6 42. Nxa7 f4 43. Nc6 g4+ 44. Kh4 Kd5 45. Ne7+ Ke4 46. a4 g3 47. Kh3 Kf3 48. Nf5 Nxf5 49. a5 g2 0-1


[Site "https://www.chess.com"]

[Event "Titled Tuesday Blitz January 17 Late 2023"]
[White "Borges Feria, Yasel"]
[Black "Tari, Aryan"]
[WhiteFideId "3504921"]
[BlackFideId "1510045"]
[WhiteElo "2439"]
[BlackElo "2642"]
[Result "1-0"]
[Round "07"]
[TimeControl "180+2"]
[Date "2023.01.17"]
[WhiteClock "0:00:09"]
[BlackClock "0:00:03"]

1. e4 c6 2. d4 d5 3. Nc3 dxe4 4. Nxe4 Nf6 5. Nxf6+ exf6 6. c3 Bd6 7. Bd3 O-O 8. Qc2 Re8+ 9. Ne2 h5 10. Be3 Nd7 11. O-O-O b5 12. Rhe1 Nb6 13. Ng3 Be6 14. Nxh5 a5 15. Kb1 a4 16. Bf5 Bd5 17. f3 b4 18. cxb4 Bxb4 19. Bd2 Bxd2 20. Rxe8+ Qxe8 21. Qxd2 Nc4 22. Nxf6+ gxf6 23. Qh6 Qe3 24. Qh7+ Kf8 25. Qh8+ Ke7 26. Qxa8 Qe2 27. Qb7+ Kf8 28. Rc1 Na3+ 29. Ka1 Qd2 30. Rf1 Nc4 31. Qb8+ Kg7 32. Qg3+ Kf8 33. Qb8+ Kg7 34. Qg3+ Kf8 35. Qf2 Qb4 36. Rc1 a3 37. b3 Nd6 38. Bd3 f5 39. h4 f4 40. h5 Ne8 41. h6 Nf6 42. Qe1 Qxd4+ 43. Qc3 Qe3 44. Qc5+ Qxc5 45. Rxc5 Kg8 46. Ra5 c5 47. Rxc5 Kf8 48. Ra5 Ke7 49. Rxd5 Nxd5 50. h7 Nb4 51. h8=Q Nxd3 52. Qd4 Ne1 53. Qe4+ 1-0


[Site "https://www.chess.com"]

[Event "Titled Tuesday Blitz January 17 Late 2023"]
[White "Makridis, Dimitrios"]
[Black "Artemiev, Vladislav"]
[WhiteFideId "25864475"]
[BlackFideId "24101605"]
[WhiteElo "2356"]
[BlackElo "2701"]
[Result "0-1"]
[Round "07"]
[TimeControl "180+2"]
[Date "2023.01.17"]
[WhiteClock "0:00:07"]
[BlackClock "0:00:06"]

1. e4 c5 2. Nf3 d6 3. d4 cxd4 4. Nxd4 Nf6 5. Nc3 a6 6. h3 e6 7. g4 h6 8. Be3 b5 9. Bg2 Bb7 10. a3 Nbd7 11. h4 Ne5 12. g5 hxg5 13. hxg5 Rxh1+ 14. Bxh1 Nfd7 15. Qh5 g6 16. Qh7 Qe7 17. f4 Nc4 18. Bc1 Rc8 19. b3 Ncb6 20. Bb2 e5 21. Nf3 exf4 22. O-O-O Ne5 23. Nxe5 dxe5 24. Kb1 Qxg5 25. Nd5 Bxd5 26. exd5 Nd7 27. Qh3 Qf5 28. Qh2 f3 29. Qf2 Bc5 30. Qxf3 Qxf3 31. Bxf3 Bd6 32. Be2 f5 33. Rh1 Nf6 34. c4 bxc4 35. Bxc4 Ke7 36. Bxa6 Rc5 37. Bc4 Nxd5 38. Rh7+ Kf6 39. Rd7 Ke6 40. Rg7 Be7 41. Rxg6+ Bf6 42. a4 f4 43. Rg8 Kf5 44. Rf8 Ne3 45. Bd3+ Ke6 46. b4 Rd5 47. Be4 Rd1+ 48. Ka2 Rd2 49. Kb3 Be7 50. Bc3 Re2 51. Rb8 Nd5 52. Bd3 Re3 53. Kc2 Nxc3 54. Kxc3 e4 55. Kd4 exd3 56. Rb6+ Bd6 57. Kc3 f3 58. Kd2 f2 59. Kxe3 f1=Q 60. Kd4 Qf2+ 61. Kxd3 Qxb6 0-1


[Site "https://www.chess.com"]

[Event "Titled Tuesday Blitz January 17 Late 2023"]
[White "Nasuta, Grzegorz"]
[Black "Martinez Alcantara, Jose Eduardo"]
[WhiteFideId "1141686"]
[BlackFideId "3805662"]
[WhiteElo "2552"]
[BlackElo "2619"]
[Result "0-1"]
[Round "07"]
[TimeControl "180+2"]
[Date "2023.01.17"]
[WhiteClock "0:00:05"]
[BlackClock "0:00:18"]

1. e4 c5 2. Nf3 Nc6 3. Bb5 d6 4. O-O Bd7 5. Re1 a6 6. Bf1 Nf6 7. c3 Bg4 8. h3 Bxf3 9. Qxf3 g6 10. d3 Bg7 11. Be3 O-O 12. Nd2 Nd7 13. Qd1 b5 14. Nf3 Qc7 15. d4 Rab8 16. Qd2 Rfe8 17. Rac1 Na5 18. b3 Nc6 19. Red1 Rbd8 20. Bh6 Nf6 21. Bxg7 Kxg7 22. Qe3 e5 23. dxc5 dxc5 24. Qxc5 Nxe4 25. Qe3 Nf6 26. c4 b4 27. g3 Qa5 28. Bg2 Nd4 29. Nxd4 exd4 30. Qd2 Qc5 31. Qd3 Re7 32. Rc2 a5 33. Rcd2 h5 34. Qf3 Ne4 35. Qxe4 Rxe4 36. Bxe4 a4 37. Bd5 a3 38. Rxd4 Re8 39. R4d2 h4 40. Kg2 hxg3 41. Kxg3 Qc7+ 42. Kg2 Re5 43. Rd3 Rg5+ 44. Rg3 Rxg3+ 45. fxg3 Qe5 46. Rd2 Qc3 47. Rf2 f5 48. h4 Kh6 49. Kh2 Qd4 50. Kg2 Qe5 51. Kh2 Qd6 52. Kg2 Qe7 53. Kh2 f4 54. gxf4 Qxh4+ 55. Kg2 Qg4+ 56. Kf1 Kg7 57. Ke1 Qg1+ 58. Ke2 Qg3 59. Kf1 Kf6 60. Ke1 Qc3+ 61. Kf1 Kf5 62. Kg2 Kf6 63. Kh2 Ke7 64. Kg2 Kd6 65. f5 gxf5 66. Rxf5 Qg7+ 67. Kf1 Qa1+ 68. Kg2 Qxa2+ 69. Rf2 Qxf2+ 70. Kxf2 a2 0-1


[Site "https://www.chess.com"]

[Event "Titled Tuesday Blitz January 17 Late 2023"]
[White "Paravyan, David"]
[Black "Yuan, Qingyu"]
[WhiteFideId "4194985"]
[BlackFideId "8609772"]
[WhiteElo "2601"]
[BlackElo "2373"]
[Result "1-0"]
[Round "07"]
[TimeControl "180+2"]
[Date "2023.01.17"]
[WhiteClock "0:00:28"]
[BlackClock "0:00:16"]

1. c4 e6 2. Nc3 d5 3. d4 Be7 4. cxd5 exd5 5. Bf4 c6 6. e3 Bf5 7. Nge2 Nd7 8. Ng3 Bg6 9. Rc1 Ngf6 10. Bd3 Bxd3 11. Qxd3 O-O 12. O-O Re8 13. f3 c5 14. Be5 Qb6 15. b3 Qa5 16. Qb5 Qb6 17. Rfd1 Bf8 18. f4 Ng4 19. Qxd7 Nxe3 20. Nxd5 Nxd5 21. Qxd5 Rad8 22. Qc4 cxd4 23. Bc7 Qf6 24. Bxd8 Rxd8 25. Rd3 Qxf4 26. Rf1 Qd6 27. Qxf7+ Kh8 28. Ne4 Qb4 29. Rh3 d3 30. Rxh7+ Kxh7 31. Nf6+ 1-0


[Site "https://www.chess.com"]

[Event "Titled Tuesday Blitz January 17 Late 2023"]
[White "Sokolovsky, Yahli"]
[Black "Eljanov, Pavel"]
[WhiteFideId "2820242"]
[BlackFideId "14102951"]
[WhiteElo "2461"]
[BlackElo "2705"]
[Result "0-1"]
[Round "07"]
[TimeControl "180+2"]
[Date "2023.01.17"]
[WhiteClock "0:00:01"]
[BlackClock "0:00:19"]

1. b3 d5 2. e3 Bf5 3. d4 e6 4. Nf3 Nf6 5. Bd3 Bd6 6. Bxf5 exf5 7. Qd3 Qc8 8. Ba3 Bxa3 9. Nxa3 O-O 10. O-O c6 11. c4 Na6 12. Nb1 Nc7 13. Nc3 h5 14. h3 Qe6 15. Ne2 g6 16. Nf4 Qe7 17. Ne5 Kg7 18. Rac1 h4 19. Nf3 Rh8 20. Qc2 Rad8 21. Rfe1 Ne4 22. Nh2 g5 23. Nd3 Qe6 24. Ne5 Ne8 25. Qd1 N8f6 26. f3 Ng3 27. Nf1 Nxf1 28. Kxf1 Nh5 29. Kg1 Rhe8 30. f4 Qh6 31. fxg5 Qxg5 32. Qf3 Ng3 33. Rc2 Re6 34. Rf2 Rf6 35. Qf4 Qh5 36. Ng4 Re6 37. Ne5 f6 38. Nd3 Rde8 39. Nc5 R6e7 40. Rf3 Kg6 41. cxd5 cxd5 42. Qd6 Qg5 43. Qxd5 Kh6 44. Qd6 Rg7 45. Qf4 b6 46. Nd3 Rc8 47. Rf2 Rc3 48. Qxg5+ fxg5 49. Ne5 Rgc7 50. Rd1 Rc1 51. Rd2 Ne4 52. Rd3 R1c2 53. d5 Nd6 54. R3d2 Rxd2 55. Rxd2 Rc1+ 56. Kh2 Ne4 57. Re2 Ng3 0-1


[Site "https://www.chess.com"]

[Event "Titled Tuesday Blitz January 17 Late 2023"]
[White "Zierk, Steven"]
[Black "Leitao, Rafael"]
[WhiteFideId "2034255"]
[BlackFideId "2101246"]
[WhiteElo "2488"]
[BlackElo "2592"]
[Result "1-0"]
[Round "07"]
[TimeControl "180+2"]
[Date "2023.01.17"]
[WhiteClock "0:01:37"]
[BlackClock "0:00:33"]

1. e4 c5 2. Nf3 d6 3. d4 cxd4 4. Nxd4 Nf6 5. Nc3 Nc6 6. Bg5 e6 7. Qd2 a6 8. O-O-O Bd7 9. f4 Be7 10. Nf3 b5 11. e5 b4 12. exf6 bxc3 13. Qxc3 gxf6 14. Bh4 Rg8 15. g3 Rb8 16. Bxa6 Nb4 17. Bc4 d5 18. Bb3 Rc8 19. Qd4 Nc6 20. Qe3 Na5 21. Nd4 Nxb3+ 22. Nxb3 Rc4 23. Rd4 Qc7 24. Rxc4 dxc4 25. Nd4 c3 26. Qxc3 Qxc3 27. bxc3 Ba3+ 28. Kd2 Ke7 29. Rb1 Ra8 30. Rb7 Bc5 31. Bxf6+ Kxf6 32. Rxd7 Rxa2 33. Nf3 Ra1 34. Ng5 h6 35. Ne4+ 1-0


[Site "https://www.chess.com"]

[Event "Titled Tuesday Blitz January 17 Late 2023"]
[White "Nazari, Arad"]
[Black "Bortnyk, Mykola"]
[WhiteFideId "12577324"]
[BlackFideId "14120836"]
[WhiteElo "2367"]
[BlackElo "2425"]
[Result "0-1"]
[Round "07"]
[TimeControl "180+2"]
[Date "2023.01.17"]
[WhiteClock "0:00:02"]
[BlackClock "0:00:16"]

1. e4 Nf6 2. e5 Nd5 3. d4 d6 4. c4 Nb6 5. f4 dxe5 6. fxe5 Nc6 7. Be3 Bf5 8. Nc3 e6 9. Nf3 Qd7 10. Be2 O-O-O 11. O-O Kb8 12. c5 Nd5 13. Nxd5 Qxd5 14. Qc1 f6 15. Bc4 Qd7 16. Qc3 Be7 17. b4 fxe5 18. b5 exd4 19. bxc6 dxc3 20. cxd7 Rxd7 21. Ne5 Rd2 22. Bxd2 cxd2 23. Rad1 Bxc5+ 24. Kh1 Rd8 25. Nf3 Be3 26. Bb3 c5 27. Ne5 Kc7 28. Nc4 Bh6 29. Rf2 Bg4 30. Rf7+ Kb8 31. Na5 Bxd1 32. Bxd1 Rd3 33. Rxb7+ Kc8 34. Rb1 Rc3 35. Nb3 c4 36. Nxd2 Bxd2 37. Bf3 Rxf3 38. gxf3 c3 39. Rb4 Kd7 40. Rc4 Kd6 41. Kg2 Kd5 42. Rc7 Kd4 43. Kf2 Kd3 44. Rxg7 Be3+ 45. Ke1 c2 46. Rd7+ Bd4 47. Rc7 Bc3+ 0-1


[Site "https://www.chess.com"]

[Event "Titled Tuesday Blitz January 17 Late 2023"]
[White "Oparin, Grigoriy"]
[Black "Wieczorek, Oskar"]
[WhiteFideId "24125890"]
[BlackFideId "1133950"]
[WhiteElo "2667"]
[BlackElo "2512"]
[Result "1-0"]
[Round "07"]
[TimeControl "180+2"]
[Date "2023.01.17"]
[WhiteClock "0:00:52"]
[BlackClock "0:00:03"]

1. e4 c5 2. Nf3 e6 3. d4 cxd4 4. Nxd4 Nf6 5. Nc3 d6 6. g4 e5 7. Nf5 h5 8. Bb5+ Nc6 9. gxh5 Nxe4 10. Qf3 Bxf5 11. Qxf5 Nxc3 12. bxc3 Qa5 13. Qd3 Rxh5 14. Be3 d5 15. Qxd5 Qxc3+ 16. Bd2 Qxa1+ 17. Ke2 Qd4 18. Bxc6+ Ke7 19. Bxb7 Qxd5 20. Bxd5 Rd8 21. c4 Rh3 22. Rb1 Kf6 23. Be3 Rd7 24. Rb8 Bd6 25. Ra8 Rxh2 26. Bxa7 Rh1 27. Bxh1 1-0


[Site "https://www.chess.com"]

[Event "Titled Tuesday Blitz January 17 Late 2023"]
[White "Svane, Frederik"]
[Black "Iliaguev, Nisim"]
[WhiteFideId "12923044"]
[BlackFideId "2817276"]
[WhiteElo "2600"]
[BlackElo "2402"]
[Result "0-1"]
[Round "07"]
[TimeControl "180+2"]
[Date "2023.01.17"]
[WhiteClock "0:00:12"]
[BlackClock "0:00:47"]

1. e4 c6 2. d4 d5 3. exd5 cxd5 4. c3 Nf6 5. Nf3 Nc6 6. Ne5 e6 7. Bd3 Be7 8. O-O Nxe5 9. dxe5 Nd7 10. Qe2 Qc7 11. Re1 Nc5 12. Bc2 Bd7 13. Nd2 O-O-O 14. Nf3 Kb8 15. Be3 h6 16. a4 g5 17. a5 g4 18. Nd4 h5 19. b4 Ne4 20. Bxe4 dxe4 21. Nb5 Bxb5 22. Qxb5 Rd5 23. Qe2 Rhd8 24. c4 Rd3 25. a6 b6 26. c5 b5 27. Qc2 Qc6 28. Ra2 h4 29. h3 gxh3 30. gxh3 Rg8+ 31. Kf1 Bd8 32. Qe2 Qd5 33. Ra5 Bxa5 34. bxa5 Qxe5 35. c6 Qh2 36. c7+ Kc8 37. Qc2 Rg1+ 38. Ke2 Rxe3+ 39. Kxe3 Rxe1+ 40. Kd4 Qd6+ 0-1


[Site "https://www.chess.com"]

[Event "Titled Tuesday Blitz January 17 Late 2023"]
[White "Ibarra Jerez, Jose Carlos"]
[Black "Vlassov, Nikolai"]
[WhiteFideId "2226332"]
[BlackFideId "4103360"]
[WhiteElo "2563"]
[BlackElo "2283"]
[Result "1-0"]
[Round "07"]
[TimeControl "180+2"]
[Date "2023.01.17"]
[WhiteClock "0:01:17"]
[BlackClock "0:01:28"]

1. e4 c5 2. Nc3 g6 3. d4 cxd4 4. Qxd4 Nf6 5. Be3 Nc6 6. Qd2 Ng4 7. Bf4 Bg7 8. h3 Nge5 9. Bh6 Bxh6 10. Qxh6 d6 11. f4 Nd7 12. Qg7 Rf8 13. O-O-O Qa5 14. Nf3 Rb8 15. Ng5 Nf6 16. Bc4 Nd8 17. e5 dxe5 18. Rxd8+ Qxd8 19. Bxf7+ Kd7 20. Rd1+ Kc7 21. Rxd8 Rxd8 22. fxe5 Nh5 23. Qxh7 Nf4 24. g3 Ng2 25. Nd5+ 1-0


[Site "https://www.chess.com"]

[Event "Titled Tuesday Blitz January 17 Late 2023"]
[White "Remizov, Yaroslav"]
[Black "Bjelobrk, Igor"]
[WhiteFideId "34134015"]
[BlackFideId "4300726"]
[WhiteElo "2421"]
[BlackElo "2403"]
[Result "0-1"]
[Round "07"]
[TimeControl "180+2"]
[Date "2023.01.17"]
[WhiteClock "0:00:01"]
[BlackClock "0:00:22"]

1. Nf3 d5 2. c4 c6 3. b3 Nf6 4. Bb2 Bf5 5. e3 h6 6. Nc3 e6 7. Rc1 Nbd7 8. Be2 Be7 9. O-O O-O 10. h3 Bh7 11. d4 a6 12. Bd3 Bxd3 13. Qxd3 Re8 14. Rfd1 Nf8 15. Ne5 N6d7 16. f4 Nxe5 17. fxe5 f6 18. e4 dxc4 19. Qxc4 fxe5 20. dxe5 Qb6+ 21. Kh1 Rad8 22. Rf1 Bg5 23. Rcd1 Rxd1 24. Rxd1 Ng6 25. Na4 Qc7 26. Qc5 Qf7 27. Qb6 Bh4 28. Nc5 Bf2 29. Rf1 Bxc5 30. Rxf7 Bxb6 31. Rxb7 Bf2 32. Rc7 Bg3 33. Rxc6 Rd8 34. Rc1 Rd2 35. Bc3 Rxa2 36. Kg1 Nf4 37. Kh1 Ne2 38. Ra1 Nxc3 39. Rc1 Nxe4 40. b4 Bxe5 41. h4 Bg3 42. h5 Nf6 43. Kg1 e5 44. Kf1 e4 45. b5 axb5 46. Rc3 Nxh5 47. Re3 Rf2+ 48. Kg1 Rf4 49. Rb3 Bf2+ 50. Kh2 e3 51. g4 Rxg4 52. Rb2 Nf4 53. Rxb5 e2 54. Rb8+ Kh7 0-1


[Site "https://www.chess.com"]